 Dungeon Crawl Stone Soup version 0.29.1-12-g30fa7ad0bf (webtiles) character file.

Game seed: 2946392001724799467

12 bubby the Magician (level 2, -1/22 HPs)
             Began as a Djinni Ice Elementalist on Jan 15, 2023.
             Slain by a gnoll
             ... wielding a +0 club
              (7 damage)
             ... on level 1 of the Dungeon.
             The game lasted 00:01:45 (787 turns).

bubby the Magician (Djinni Ice Elementalist)         Turns: 787, Time: 00:01:46

Health: -1/22      AC:  2    Str:  7    XL:     2   Next: 45%
Gold:   20         EV: 12    Int: 16    God:
                   SH:  0    Dex: 13

rFire   + + .      SeeInvis .   f - +0 whip
rCold   x . .      Faith    .   (no shield)
rNeg    . . .      Spirit   .   a - +0 robe
rPois   ∞          Reflect  .   (no helmet)
rElec   .          Harm     .   (no cloak)
rCorr   .          Rampage  .   (no gloves)
Will    .....                   (boots unavailable)
Stlth   ++........              (no amulet)
HPRegen 0.07/turn               (no ring)
MPRegen 0.00/turn               (no ring)

@: flying, very slightly contaminated
A: sickness immunity, fire resistance 2, cold vulnerability 1, float, innate
caster, HP casting, extra vitality 1
a: no special abilities


You were on level 1 of the Dungeon.
You visited 1 branch of the dungeon, and saw 1 of its levels.

You collected 20 gold pieces.

Inventory:

Hand Weapons
 f - a +0 whip (weapon)
Armour
 a - a +0 robe (worn)
Scrolls
 b - a scroll of blinking {unknown}
 c - 3 scrolls of teleportation {unknown}
 d - a scroll of identify {unknown}
 e - a scroll of enchant weapon {unknown}
Potions
 g - a potion of resistance {unknown}


   Skills:
 + Level 0.3 Fighting
 + Level 2.4 Dodging
 + Level 1.8 Stealth
 * Level 3.4 Spellcasting


You couldn't memorise any spells.
You knew the following spells:

 Your Spells              Type           Power      Damage    Failure   Level
a - Freeze                Ice            52%        1d7       4%          1
b - Frozen Ramparts       Ice            26%        1d4       13%         3
c - Ozocubu's Armour      Ice            13%        N/A       13%         3
d - Hailstorm             Conj/Ice       13%        3d5       41%         4
Your spell library was empty.

Dungeon Overview and Level Annotations

Branches:
Dungeon (1/15)

Altars:


Innate Abilities, Weirdness & Mutations

You are immune to sickness and miasma.
You are immune to poison.
Your flesh is very heat resistant. (rF++)
You are vulnerable to cold. (rC-)
You float through the air rather than walking.
You learn spells naturally, not from books.
Your magical power is your life essence.
You have superior vitality. (+4 MHP)


Message History

The goblin is heavily wounded.
The goblin hits you but does no damage.
You freeze the goblin.
The goblin is severely wounded.
The goblin hits you with a +0 club.
You miscast Freeze.
You are very lightly contaminated with residual magic.
Nothing appears to happen.
The goblin closely misses you.
You freeze the goblin.
You kill the goblin!
You freeze the gnoll.
The gnoll is moderately wounded.
The gnoll hits you with a +0 club.
You are too injured to fight recklessly!
You are too injured to fight recklessly!
Casting: Freeze (safe; 4% risk of failure)
Confirm with . or Enter, or press ? or * to list all spells.
Aiming: Freeze (safe; 4% risk of failure)
Press: ? - help, Shift-Dir - straight line, f/p - gnoll
Aim: a gnoll, wielding a +0 club (moderately wounded)
You freeze the gnoll.
The gnoll is moderately wounded.
The gnoll barely misses you.
Casting: Freeze (safe; 4% risk of failure)
Confirm with . or Enter, or press ? or * to list all spells.
Aiming: Freeze (safe; 4% risk of failure)
Press: ? - help, Shift-Dir - straight line, f/p - gnoll
Aim: a gnoll, wielding a +0 club (moderately wounded)
You freeze the gnoll.
The gnoll is heavily wounded.
The gnoll hits you with a +0 club.
Casting: Freeze (safe; 4% risk of failure)
Confirm with . or Enter, or press ? or * to list all spells.
Aiming: Freeze (safe; 4% risk of failure)
Press: ? - help, Shift-Dir - straight line, f/p - gnoll
Aim: a gnoll, wielding a +0 club (heavily wounded)
You miscast Freeze.
Nothing appears to happen.
* * * LOW HITPOINT WARNING * * *
The gnoll hits you with a +0 club!
You die...

#.#
#..#...#.#######
#.######..##..#.#
#.............#.#
########......#.#
##.##.##.#
#.......#
####.#.##
######..#.#
#.....@..#.#
#.###.g#.# .#
#.....# .#
#...#.# # #.....#
#.... . ..... ##
####.##


You could see a gnoll.

Vanquished Creatures
  4 ball pythons (D:1)
  2 goblins (D:1)
  2 hobgoblins (D:1)
  A quokka (D:1)
  A bat (D:1)
  A kobold (D:1)
  A rat (D:1)
12 creatures vanquished.

Notes
Turn   | Place    | Note
-------+----------+-------------------------------------------
     0 | D:1      | bubby the Djinni Ice Elementalist began the quest for the
                  | Orb.
     0 | D:1      | bubby set off with the following spells memorised: Freeze,
                  | Frozen Ramparts, Ozocubu's Armour, Hailstorm.
     0 | D:1      | Reached XP level 1. HP: 15/15 MP: 0/0
   379 | D:1      | Reached XP level 2. HP: 12/21 MP: 0/0
   787 | D:1      | Slain by a gnoll

Illustrated notes

Levels and vault maps discovered:
D:1:      dpeg_arrival_pits, layout_loops_corners

Action                   || total
-------------------------++-------
Melee: Whip              ||     1
 Cast: Freeze            ||    22
Armor: Robe              ||     3
Dodge: Dodged            ||    10
